 Dungeon Crawl Stone Soup version 0.18.1-48-g4cf74bf (webtiles) character file.

252 Heedrag the Conjurer (level 5, -12/28 HPs)
             Began as a Deep Elf Conjurer on Aug 13, 2016.
             Was an Initiate of Vehumet.
             Mangled by a brown ugly thing (14 damage)
             ... summoned by the player character
             ... on level 4 of the Dungeon.
             The game lasted 00:07:43 (2565 turns).

Heedrag the Conjurer (Deep Elf Conjurer)            Turns: 2565, Time: 00:07:44

Health: -12/28     AC:  2    Str:  6    XL:     5   Next: 89%
Magic:  10/14      EV: 13    Int: 20    God:    Vehumet [......]
Gold:   109        SH:  0    Dex: 15    Spells: 3 memorised, 3 levels left

rFire  . . .     SeeInvis .     j - +3 hand axe (flame)
rCold  . . .     Gourm    .     a - +0 robe
rNeg   . . .     Faith    .     (no shield)
rPois  .         Spirit   .     (no helmet)
rElec  .         Dismiss  .     (no cloak)
rCorr  .         Reflect  .     (no gloves)
SustAt .         Harm     .     (no boots)
MR     .....                    (no amulet)
Stlth  ++........               (no ring)
                                (no ring)

@: not resistant to hostile enchantments, unstealthy
A: no striking features
a: Renounce Religion


You were on level 4 of the Dungeon.
You worshipped Vehumet.
Vehumet was noncommittal.
You were not hungry.

You visited 1 branch of the dungeon, and saw 4 of its levels.

You collected 109 gold pieces.

Inventory:

Hand Weapons
 d - a +0 dagger
 j - a +3 hand axe of flaming (weapon)
Armour
 a - a +0 robe (worn)
Scrolls
 e - 2 scrolls of enchant armour {unknown}
 l - 2 scrolls of magic mapping {unknown}
 m - a scroll of teleportation {unknown}
 n - 5 scrolls of identify {unknown}
 s - 2 scrolls of fog {unknown}
 u - a scroll of fear {unknown}
Potions
 f - a potion of ambrosia {unknown}
 g - a potion of agility {unknown}
 h - 3 potions of curing {unknown}
 o - a potion of degeneration {unknown}
 q - a potion of mutation {unknown}
 r - a potion of brilliance {unknown}
 v - 2 potions of cure mutation {unknown}
 w - a potion of heal wounds {unknown}
Books
 b - a book of Conjurations

   Spells                             Type                      Level
   a - Magic Dart                     Conjuration                  1
   b - Searing Ray                    Conjuration                  2
   c - Dazzling Spray                 Conjuration/Hexes            3
   d - Fulminant Prism                Conjuration/Hexes            4
   e - Iskenderun's Mystic Blast      Conjuration                  4
   f - Iskenderun's Battlesphere      Conjuration/Charms           5
Miscellaneous
 x - a plain deck of summoning {drawn: 2}
Comestibles
 c - 2 bread rations
 i - a royal jelly
 k - 3 meat rations
 p - a slice of pizza
 t - 4 chunks of flesh


   Skills:
 - Level 2.4 Dodging
 - Level 2.4 Stealth
 + Level 4.9 Spellcasting
 * Level 6.9 Conjurations
 + Level 1.9 Charms


You had 3 spell levels left.
You knew the following spells:

 Your Spells              Type           Power        Failure   Level  Hunger
a - Magic Dart            Conj           ####         1%          1    None
b - Iskenderun's Mystic   Conj           ####....     10%         4    ####...
c - Iskenderun's Battles  Conj/Chrm      ###.....     58%         5    ######.


Dungeon Overview and Level Annotations

Branches:
Dungeon (4/15)
 Temple: D:4-7

Altars:
Ashenzari
Nemelex Xobeh
Pakellas
Vehumet


Message History

* * * LOW HITPOINT WARNIN'
* * * Castin': Magic Dart Confirm wit' . or Enter, or press ? or * ta list all spells.
Tha spell be very dangerous ta cast!
Continue anyway? [Y]'s or [N]o only, please.
Tha spell be very dangerous ta cast!
Continue anyway? [Y]'s or [N]o only, please.
Tha spell be very dangerous ta cast!
Continue anyway? [Y]'s or [N]o only, please.
Tha spell be very dangerous ta cast!
Continue anyway?
Okay, than.
Unknown command.
Ye hit tha brown ugly thin'.
Ye burn tha brown ugly thin'.
Tha brown ugly thin' be almost dead.
Ye hit tha howler monkey.
Ye burn tha howler monkey.
Ye kill tha howler monkey!
Vehumet accepts yer kill.
Tha brown ugly thin' tentacle-slaps ye!
Ouch! Tha re'lly hurt!
Ye die...

#... #..# ... # ..
.# .##.# #...# #.#
#.# #+# #@# #.##
### #u# # #..# #.#
#ยง# # ##.##
#.####.#
###...#####......#
##.......#..######
.......###..#
####.#.._...# #
#........#


You could see a brown ugly thing.

Vanquished Creatures
  A howler monkey (D:4)
  Jessica (D:2)
  Terence (D:3)
  7 adders
  An adder skeleton (D:4)
  2 worms
  4 dart slugs
  4 giant geckos
  6 orcs (D:3)
  2 ball pythons
  14 bats
  3 giant cockroaches
  5 goblins
  5 hobgoblins
  4 jackals (D:3)
  6 kobolds
  2 quokkas (D:2)
  3 giant newts (D:4)
  5 rats
76 creatures vanquished.

Notes
Turn   | Place    | Note
--------------------------------------------------------------
     0 | D:1      | Heedrag the Deep Elf Conjurer began the quest for the Orb.
     0 | D:1      | Reached XP level 1. HP: 10/10 MP: 6/6
   143 | D:1      | Reached XP level 2. HP: 13/15 MP: 4/8
   304 | D:1      | Reached skill level 5 in Conjurations
   726 | D:1      | Reached XP level 3. HP: 19/19 MP: 8/10
   889 | D:2      | Noticed Jessica
   894 | D:2      | Killed Jessica
   894 | D:2      | Reached XP level 4. HP: 24/24 MP: 6/12
   909 | D:2      | Learned a level 4 spell: Iskenderun's Mystic Blast
  1039 | D:2      | Found a shattered altar of Ashenzari.
  1168 | D:2      | Reached skill level 6 in Conjurations
  1547 | D:3      | Found an oddly glowing altar of Pakellas.
  1568 | D:3      | Noticed Terence
  1578 | D:3      | Killed Terence
  1578 | D:3      | Reached XP level 5. HP: 28/28 MP: 3/13
  1695 | D:3      | Learned a level 5 spell: Iskenderun's Battlesphere
  1742 | D:3      | Reached skill level 1 in Charms
  2038 | D:3      | Found a radiant altar of Vehumet.
  2048 | D:3      | Became a worshipper of Vehumet
  2236 | D:3      | Found a faded altar to an unknown god.
  2512 | D:4      | Found a sparkling altar of Nemelex Xobeh.
  2559 | D:4      | Noticed a cyan ugly thing
  2565 | D:4      | Mangled by a brown ugly thing

Skill      XL: |  1  2  3  4  5 |
---------------+----------------+-----
Conjurations   | 5 6 |  6.9
Spellcasting   | 4 |  4.9
Charms         | 1 |  1.9
Dodging        | |  2.4
Stealth        | |  2.4

Action                   |  1- 3 |  4- 6 || total
-------------------------+-------+-------++-------
Melee: Dagger            |     5 |       ||     5
       Hand axe          |     7 |    23 ||    30
 Cast: Magic Dart        |    53 |   111 ||   164
Evoke: Deck              |       |     2 ||     2
 Stab: Sleeping          |       |     2 ||     2
       Distracted        |       |     1 ||     1
  Eat: Chunk             |       |     5 ||     5
Armor: Robe              |     5 |     8 ||    13
Dodge: Dodged            |    12 |    34 ||    46
